TOP OF THE 1ST |
Florida State Seminoles batting - Pitching for Iowa State Cyclones : LHP Jeffery Guillermina
|
Pitching: LHP Jeffery Guillermina
|
|
Batting: RHB Adam Davis
|
0-0: Called Strike 0-1: Ball 1-1: SINGLE (Groundball, 56D)
|
Batting: RHB Aaron Duncan
|
0-0: Ball 1-0: Ball 2-0: Ball 3-0: Base on Balls Adam Davis to second
|
Batting: LHB Randy Wiggins
|
0-0: Ball 1-0: Foul Ball, location: 2F 1-1: Ball 2-1: Foul Ball, location: 2F 2-2: Ball 3-2: Foul Ball, location: 2F 3-2: Fly out, F7 (Flyball, 7LMF)
|
Batting: RHB Art Cameron
|
0-0: Ball Adam Davis steals 3rd base Aaron Duncan to second 1-0: Foul Ball, location: 2F 1-1: Ball 2-1: Ball 3-1: Base on Balls
|
Batting: RHB Rubén Hernández
|
0-0: Ball 1-0: Called Strike 1-1: Ball 2-1: Ball 3-1: Base on Balls Adam Davis scores Aaron Duncan to third Art Cameron to second
|
Batting: LHB Kevin Curtis
|
0-0: Ball 1-0: Foul Ball, location: 2F 1-1: Swinging Strike 1-2: GRAND SLAM HOME RUN (Flyball, 7D), Distance : 356 ft
|
Batting: RHB Eugene Fisher
|
0-0: SOLO HOME RUN (Line Drive, 7LD), Distance : 325 ft
|
Batting: LHB Allan Bates
|
0-0: Ground out 4-3 (Groundball, 4M)
|
Batting: RHB John Newman
|
0-0: Ball 1-0: Called Strike 1-1: Ball 2-1: Foul Ball, location: 2F 2-2: Strikes out swinging
|
Top of the 1st over - 6 run(s), 3 hit(s), 0 error(s), 0 left on base; Florida State 6 - Iowa State 0 |
BOTTOM OF THE 1ST |
Iowa State Cyclones batting - Pitching for Florida State Seminoles : LHP Mike Edmonds
|
Pitching: LHP Mike Edmonds
|
|
Batting: LHB Dale Miller
|
0-0: Ball 1-0: Called Strike 1-1: Ball 2-1: Foul Ball, location: 2F 2-2: Ball 3-2: Strikes out swinging
|
Batting: RHB Frank Latham
|
0-0: Hit by Pitch
|
Batting: LHB Jerry Trent
|
0-0: Called Strike 0-1: Ball 1-1: Ball 2-1: Ball 3-1: SINGLE (Line Drive, 3S) Frank Latham to second
|
Batting: RHB Steve Burton
|
0-0: Ball 1-0: Fly out, F8 (Flyball, 8RD)
|
Batting: RHB Fernando Garza
|
0-0: Fly out, F3 (Popup, 34)
|
Bottom of the 1st over - 0 run(s), 1 hit(s), 0 error(s), 2 left on base; Florida State 6 - Iowa State 0 |
TOP OF THE 2ND |
Florida State Seminoles batting - Pitching for Iowa State Cyclones : LHP Jeffery Guillermina
|
Batting: RHB Adam Davis
|
0-0: Ball 1-0: SOLO HOME RUN (Flyball, 8LXD), Distance : 399 ft
|
Batting: RHB Aaron Duncan
|
0-0: Ball 1-0: Fly out, F7 (Flyball, 7M)
|
Batting: LHB Randy Wiggins
|
0-0: Ball 1-0: Swinging Strike 1-1: Fly out, F2 (Popup, 25F)
|
Batting: RHB Art Cameron
|
0-0: Foul Ball, location: 2F 0-1: Ball 1-1: Swinging Strike 1-2: Strikes out swinging
|
Top of the 2nd over - 1 run(s), 1 hit(s), 0 error(s), 0 left on base; Florida State 7 - Iowa State 0 |
BOTTOM OF THE 2ND |
Iowa State Cyclones batting - Pitching for Florida State Seminoles : LHP Mike Edmonds
|
Batting: RHB Arlen Jones
|
0-0: Ball 1-0: Swinging Strike 1-1: Ball 2-1: Foul Ball, location: 2F 2-2: Foul Ball, location: 2F 2-2: Fly out, F9 (Line Drive, 9S)
|
Batting: RHB Ira Ross
|
0-0: Ball 1-0: Foul Ball, location: 2F 1-1: Foul Ball, location: 2F 1-2: Ball 2-2: Foul Ball, location: 2F 2-2: Ground out 5-3 (Groundball, 56)
|
Batting: RHB Arnold Hull
|
0-0: Called Strike 0-1: Swinging Strike 0-2: Strikes out swinging
|
Bottom of the 2nd over - 0 run(s), 0 hit(s), 0 error(s), 0 left on base; Florida State 7 - Iowa State 0 |
TOP OF THE 3RD |
Florida State Seminoles batting - Pitching for Iowa State Cyclones : LHP Jeffery Guillermina
|
Batting: RHB Rubén Hernández
|
0-0: Ball 1-0: Called Strike 1-1: Ball 2-1: Ball 3-1: Swinging Strike 3-2: Base on Balls
|
Batting: LHB Kevin Curtis
|
0-0: Ball 1-0: Ball 2-0: Ball 3-0: Base on Balls Rubén Hernández to second
|
Batting: RHB Eugene Fisher
|
0-0: Ball 1-0: Called Strike 1-1: Ball 2-1: Fielders Choice at 3rd, U5 (Groundball, 5L) Kevin Curtis to second
|
Batting: LHB Allan Bates
|
0-0: Ball 1-0: Ball 2-0: Foul Ball, location: 2F 2-1: Fly out, F9 (Flyball, 9M)
|
Batting: RHB John Newman
|
0-0: Ball 1-0: Ball 2-0: SINGLE (Line Drive, 34D) Kevin Curtis to third Eugene Fisher to second Runner from 3rd tries for Home, SAFE, no throw or cutoff
|
Pitching: RHP Ángel Rodríguez
|
|
Batting: RHB Adam Davis
|
0-0: Called Strike 0-1: Swinging Strike 0-2: Ball 1-2: Foul Ball, location: 2F 1-2: Foul Ball, location: 2F 1-2: Strikes out looking
|
Top of the 3rd over - 1 run(s), 1 hit(s), 0 error(s), 2 left on base; Florida State 8 - Iowa State 0 |
BOTTOM OF THE 3RD |
Iowa State Cyclones batting - Pitching for Florida State Seminoles : LHP Mike Edmonds
|
Batting: RHB Robert Snyder
|
0-0: Ball 1-0: Called Strike 1-1: SINGLE (Groundball, 3D)
|
Batting: LHB Dale Miller
|
0-0: Ball 1-0: Foul Ball, location: 2F 1-1: Ball 2-1: Fly out, F5 (Popup, 5F)
|
Batting: RHB Frank Latham
|
0-0: Ball 1-0: Called Strike 1-1: Ball 2-1: Ball 3-1: Base on Balls Robert Snyder to second
|
Batting: LHB Jerry Trent
|
0-0: Called Strike 0-1: Ball 1-1: Ball 2-1: Ball 3-1: SINGLE (Line Drive, 89S) Robert Snyder to third Frank Latham to second
|
Batting: RHB Steve Burton
|
0-0: Called Strike 0-1: Swinging Strike 0-2: SINGLE (Line Drive, 56D) Robert Snyder scores Frank Latham to third Jerry Trent to second
|
Batting: RHB Fernando Garza
|
0-0: Called Strike 0-1: Ball 1-1: Ball 2-1: Grounds into double play, 5-4-3 (Groundball, 5)
|
Bottom of the 3rd over - 1 run(s), 3 hit(s), 0 error(s), 2 left on base; Florida State 8 - Iowa State 1 |
TOP OF THE 4TH |
Florida State Seminoles batting - Pitching for Iowa State Cyclones : RHP Ángel Rodríguez
|
Batting: RHB Aaron Duncan
|
0-0: Ball 1-0: Called Strike 1-1: Called Strike 1-2: Ball 2-2: Strikes out swinging
|
Batting: LHB Randy Wiggins
|
0-0: Foul Ball, location: 2F 0-1: Ball 1-1: Ball 2-1: Foul Ball, location: 2F 2-2: Ball 3-2: Foul Ball, location: 2F 3-2: Ground out 4-3 (Groundball, 4M)
|
Batting: RHB Art Cameron
|
0-0: Ground out 1-3 (Groundball, 23)
|
Top of the 4th over - 0 run(s), 0 hit(s), 0 error(s), 0 left on base; Florida State 8 - Iowa State 1 |
BOTTOM OF THE 4TH |
Iowa State Cyclones batting - Pitching for Florida State Seminoles : LHP Mike Edmonds
|
Batting: RHB Arlen Jones
|
0-0: Fly out, F8 (Flyball, 8LS)
|
Batting: RHB Ira Ross
|
0-0: Ball 1-0: Called Strike 1-1: DOUBLE (Flyball, 7D)
|
Batting: RHB Arnold Hull
|
0-0: Swinging Strike 0-1: Called Strike 0-2: Strikes out swinging
|
Batting: RHB Robert Snyder
|
0-0: SINGLE (Groundball, 6MD) (infield hit) Ira Ross to third
|
Batting: LHB Dale Miller
|
0-0: Called Strike 0-1: Called Strike 0-2: Ball 1-2: Ball 2-2: Fly out, F7 (Flyball, 7LMF)
|
Bottom of the 4th over - 0 run(s), 2 hit(s), 0 error(s), 2 left on base; Florida State 8 - Iowa State 1 |
TOP OF THE 5TH |
Florida State Seminoles batting - Pitching for Iowa State Cyclones : RHP Ángel Rodríguez
|
Batting: RHB Rubén Hernández
|
0-0: Ball 1-0: Swinging Strike 1-1: Ball 2-1: Foul Ball, location: 2F 2-2: Strikes out swinging
|
Batting: LHB Kevin Curtis
|
0-0: SINGLE (Line Drive, 8RS)
|
Batting: RHB Eugene Fisher
|
0-0: Foul Ball, location: 2F 0-1: Foul Ball, location: 2F 0-2: Ball 1-2: Foul Ball, location: 2F 1-2: Ball
|
|
|
|
2-2: Strikes out looking
|
Batting: LHB Allan Bates
|
0-0: Called Strike 0-1: Fly out, F7 (Flyball, 7M)
|
Top of the 5th over - 0 run(s), 1 hit(s), 0 error(s), 1 left on base; Florida State 8 - Iowa State 1 |
BOTTOM OF THE 5TH |
Iowa State Cyclones batting - Pitching for Florida State Seminoles : LHP Mike Edmonds
|
Batting: RHB Frank Latham
|
0-0: Called Strike 0-1: Ball 1-1: Foul Ball, location: 2F 1-2: Strikes out swinging
|
Batting: LHB Jerry Trent
|
0-0: Called Strike 0-1: Ball 1-1: Fly out, F7 (Line Drive, 7LM)
|
Batting: RHB Steve Burton
|
0-0: SINGLE (Groundball, 6MD)
|
Batting: RHB Fernando Garza
|
0-0: Ball 1-0: Ball 2-0: Called Strike 2-1: Ball 3-1: Base on Balls Steve Burton to second
|
Pitching: RHP John Jensen
|
|
Batting: RHB Arlen Jones
|
0-0: Fly out, F7 (Flyball, 7D)
|
Bottom of the 5th over - 0 run(s), 1 hit(s), 0 error(s), 2 left on base; Florida State 8 - Iowa State 1 |
TOP OF THE 6TH |
Florida State Seminoles batting - Pitching for Iowa State Cyclones : RHP Ángel Rodríguez
|
Batting: RHB John Newman
|
0-0: Called Strike 0-1: SINGLE (Flyball, 89M)
|
Pitching: RHP Francisco Pagán
|
|
Batting: RHB Adam Davis
|
0-0: Called Strike 0-1: Ball 1-1: Foul Ball, location: 2F 1-2: Ball 2-2: Foul Ball, location: 2F 2-2: Foul Ball, location: 2F 2-2: Strikes out swinging
|
Batting: RHB Aaron Duncan
|
0-0: Foul Ball, location: 2F 0-1: Ball 1-1: Foul Ball, location: 2F 1-2: Strikes out swinging
|
Batting: LHB Randy Wiggins
|
0-0: Ball 1-0: Foul Ball, location: 2F 1-1: Ball 2-1: Called Strike 2-2: Foul Ball, location: 2F 2-2: Strikes out swinging
|
Top of the 6th over - 0 run(s), 1 hit(s), 0 error(s), 1 left on base; Florida State 8 - Iowa State 1 |
BOTTOM OF THE 6TH |
Iowa State Cyclones batting - Pitching for Florida State Seminoles : RHP John Jensen
|
Batting: RHB Ira Ross
|
0-0: Ball 1-0: Called Strike 1-1: Foul Ball, location: 2F 1-2: Foul Ball, location: 2F 1-2: Strikes out looking
|
Batting: RHB Arnold Hull
|
0-0: Ball 1-0: Fly out, F9 (Flyball, 9LM)
|
Batting: RHB Robert Snyder
|
0-0: Called Strike 0-1: Ball 1-1: SINGLE (Groundball, 34D)
|
Batting: LHB Dale Miller
|
0-0: Swinging Strike 0-1: Called Strike 0-2: Strikes out swinging
|
Bottom of the 6th over - 0 run(s), 1 hit(s), 0 error(s), 1 left on base; Florida State 8 - Iowa State 1 |
TOP OF THE 7TH |
Florida State Seminoles batting - Pitching for Iowa State Cyclones : RHP Francisco Pagán
|
Batting: RHB Art Cameron
|
0-0: Called Strike 0-1: Called Strike 0-2: Ball 1-2: Strikes out looking
|
Batting: RHB Rubén Hernández
|
0-0: Called Strike 0-1: Ball 1-1: Swinging Strike 1-2: Strikes out swinging
|
Batting: LHB Kevin Curtis
|
0-0: Called Strike 0-1: Ball 1-1: Ball 2-1: Ground out 6-3 (Groundball, 6)
|
Top of the 7th over - 0 run(s), 0 hit(s), 0 error(s), 0 left on base; Florida State 8 - Iowa State 1 |
BOTTOM OF THE 7TH |
Iowa State Cyclones batting - Pitching for Florida State Seminoles : RHP John Jensen
|
Batting: RHB Frank Latham
|
0-0: DOUBLE (Flyball, 78M)
|
Batting: LHB Jerry Trent
|
0-0: Ball 1-0: Swinging Strike 1-1: Ball 2-1: Foul Ball, location: 2F 2-2: Ball 3-2: Fly out, F8 (Flyball, 8LM)
|
Batting: RHB Steve Burton
|
0-0: Ball 1-0: Ball 2-0: DOUBLE (Flyball, 89D) Frank Latham scores
|
Batting: RHB Fernando Garza
|
0-0: Ball 1-0: Ball 2-0: Ball 3-0: Called Strike 3-1: Called Strike 3-2: Foul Ball, location: 2F 3-2: Ground out 5-3 (Groundball, 56S) Steve Burton to third
|
Batting: RHB Arlen Jones
|
0-0: Ball 1-0: Reached on error, E5 (Groundball, 56) Steve Burton scores
|
Batting: RHB Ira Ross
|
0-0: Called Strike 0-1: Swinging Strike 0-2: Ball 1-2: Strikes out looking
|
Bottom of the 7th over - 2 run(s), 2 hit(s), 1 error(s), 1 left on base; Florida State 8 - Iowa State 3 |
TOP OF THE 8TH |
Florida State Seminoles batting - Pitching for Iowa State Cyclones : RHP Francisco Pagán
|
Pitching: RHP Jesús Capos
|
|
Batting: RHB Eugene Fisher
|
0-0: Foul Ball, location: 2F 0-1: Ground out 5-3 (Groundball, 5S)
|
Batting: LHB Allan Bates
|
0-0: Ball 1-0: Ball 2-0: Ball 3-0: Base on Balls
|
Batting: RHB John Newman
|
0-0: Called Strike 0-1: Ball 1-1: Called Strike 1-2: Ball 2-2: Foul Ball, location: 2F 2-2: Strikes out swinging
|
Batting: RHB Adam Davis
|
0-0: SINGLE (Line Drive, 6D) Allan Bates to second
|
Batting: RHB Aaron Duncan
|
0-0: Ball 1-0: Foul Ball, location: 2F 1-1: Fly out, F7 (Flyball, 7S)
|
Top of the 8th over - 0 run(s), 1 hit(s), 0 error(s), 2 left on base; Florida State 8 - Iowa State 3 |
BOTTOM OF THE 8TH |
Iowa State Cyclones batting - Pitching for Florida State Seminoles : RHP John Jensen
|
Pitching: LHP Bill Klug
|
|
Now at 1B: George Wagner
|
|
Batting: RHB Arnold Hull
|
0-0: Swinging Strike 0-1: Swinging Strike 0-2: Strikes out looking
|
Batting: RHB Robert Snyder
|
0-0: SINGLE (Groundball, 6D) (infield hit)
|
Batting: LHB Dale Miller
|
0-0: Called Strike 0-1: Foul Ball, location: 2F 0-2: Ball 1-2: Strikes out swinging
|
Batting: RHB Frank Latham
|
0-0: Swinging Strike 0-1: Ball 1-1: Called Strike 1-2: Ball 2-2: Ball 3-2: Foul Ball, location: 2F 3-2: Base on Balls Robert Snyder to second
|
Batting: LHB Jerry Trent
|
0-0: Called Strike 0-1: Ball 1-1: Fielders Choice at 2nd, U4 (Groundball, 4M)
|
Bottom of the 8th over - 0 run(s), 1 hit(s), 0 error(s), 2 left on base; Florida State 8 - Iowa State 3 |
TOP OF THE 9TH |
Florida State Seminoles batting - Pitching for Iowa State Cyclones : RHP Jesús Capos
|
Batting: LHB Randy Wiggins
|
0-0: Foul Ball, location: 2F 0-1: Ball 1-1: Fly out, F6 (Popup, 6)
|
Batting: RHB Art Cameron
|
0-0: Ball 1-0: Foul Ball, location: 2F 1-1: Ball 2-1: Ball 3-1: Base on Balls
|
Batting: RHB Rubén Hernández
|
0-0: Called Strike 0-1: Ball 1-1: Ball 2-1: Swinging Strike 2-2: DOUBLE (Flyball, 8RM) Art Cameron to third
|
Batting: LHB Kevin Curtis
|
0-0: Called Strike 0-1: SINGLE (Flyball, 8LS) Art Cameron scores Rubén Hernández to third
|
Batting: RHB Eugene Fisher
|
0-0: Ball 1-0: Called Strike 1-1: Ball 2-1: Ball 3-1: Fly out, F9 (Flyball, 9M)
|
Batting: LHB Allan Bates
|
0-0: Ball 1-0: Ball 2-0: SINGLE (Flyball, 7LM) Rubén Hernández scores Kevin Curtis to second
|
Batting: RHB John Newman
|
0-0: Foul Ball, location: 2F 0-1: Fly out, F8 (Flyball, 8RM)
|
Top of the 9th over - 2 run(s), 3 hit(s), 0 error(s), 2 left on base; Florida State 10 - Iowa State 3 |
BOTTOM OF THE 9TH |
Iowa State Cyclones batting - Pitching for Florida State Seminoles : LHP Bill Klug
|
Batting: RHB Steve Burton
|
0-0: Ball 1-0: Ball 2-0: Called Strike 2-1: Ground out 1-3 (Groundball, 15)
|
Batting: RHB Fernando Garza
|
0-0: SINGLE (Line Drive, 56D)
|
Batting: RHB Arlen Jones
|
0-0: Ball 1-0: Called Strike 1-1: Called Strike 1-2: Ball 2-2: Ball 3-2: Base on Balls Fernando Garza to second
|
Batting: RHB Ira Ross
|
0-0: Ball 1-0: Fly out, F8 (Flyball, 8RM)
|
Batting: RHB Arnold Hull
|
0-0: Fly out, F9 (Line Drive, 9M)
|
Bottom of the 9th over - 0 run(s), 1 hit(s), 0 error(s), 2 left on base; Florida State 10 - Iowa State 3 |
|
Monday, December 5th, 2016 - OOTP Baseball 17.12 Build 75
|
|